SKY
ST. LOUIS CARDINALS @ VANCOUVER CASCADES
03/11/2052
 
TOP OF THE 1ST
St. Louis Cardinals batting - Pitching for Vancouver Cascades : LHP A.J. O'Neill
Pitching: LHP A.J. O'Neill
Batting: SHB Joseph Mitchell 0-0: Called Strike
0-1: SINGLE (Groundball, 4D, EV 95.6 MPH)
Batting: RHB Bobby Grimm 0-0: Ball
1-0: Called Strike
1-1: Ball
2-1: Swinging Strike
2-2: Ball
3-2: Base on Balls
Joseph Mitchell to second
Batting: SHB José Jesús De La Cruz 0-0: Ball
Wild Pitch!
Joseph Mitchell to third
Bobby Grimm to second
1-0: Foul Ball, location: 9LMF
1-1: Fly out, F9 (Flyball, 9, EV 87.5 MPH)
Runner from 3rd tags up, SCORES, throw by RF
Bobby Grimm to third
Batting: RHB Dan Moore 0-0: Ball
Passed Ball!
Bobby Grimm scores
1-0: Called Strike
1-1: Foul Ball, location: 2F
1-2: Ball
2-2: Ground out 5-3 (Groundball, 5, EV 92.5 MPH)
Batting: LHB David Atkinson 0-0: Ball
1-0: SINGLE (Groundball, 56, EV 110.6 MPH) (infield hit)
Batting: LHB Josef Rosendorff 0-0: Ball
1-0: Foul Ball, location: 23FF
1-1: Ball
2-1: Ball
3-1: Base on Balls
David Atkinson to second
Batting: SHB Lucas Cavanaugh 0-0: Foul Ball, location: 3F, Error on foul ball, E3
0-1: Fly out, F8 (Flyball, 8RD, EV 102.5 MPH)
Top of the 1st over - 2 runs, 2 hits, 1 error, 2 left on base; St. Louis 2 - Vancouver 0
BOTTOM OF THE 1ST
Vancouver Cascades batting - Pitching for St. Louis Cardinals : LHP Charles Shoop
Pitching: LHP Charles Shoop
Batting: LHB Caleb Gim 0-0: Ground out 6-3 (Groundball, 56D, EV 79.4 MPH)
Batting: LHB Rey Esparza 0-0: Called Strike
0-1: Swinging Strike
0-2: Ball
1-2: Strikes out swinging
Batting: RHB Juan Izquierdo 0-0: Swinging Strike
0-1: Ball
1-1: Ball
2-1: Foul Ball, location: 5F
2-2: Ball
3-2: Strikes out swinging
Bottom of the 1st over - 0 runs, 0 hits, 0 errors, 0 left on base; St. Louis 2 - Vancouver 0
TOP OF THE 2ND
St. Louis Cardinals batting - Pitching for Vancouver Cascades : LHP A.J. O'Neill
Batting: RHB Paco Paredes 0-0: Called Strike
0-1: Called Strike
0-2: Foul Ball, location: 3F
0-2: Ground out 5-3 (Groundball, 5S, EV 71.9 MPH)
Batting: RHB Rick Sheley 0-0: Called Strike
0-1: Ball
1-1: Called Strike
1-2: Foul Ball, location: 7LMF
1-2: TRIPLE (Flyball, 78XD, EV 99.4 MPH)
Batting: SHB Joseph Mitchell 0-0: Fly out, F4 (Popup, 4S, EV 68.8 MPH)
Batting: RHB Bobby Grimm 0-0: Called Strike
0-1: Ball
1-1: Ball
2-1: Ball
3-1: Foul Ball, location: 5F
3-2: Base on Balls
Batting: SHB José Jesús De La Cruz 0-0: Fly out, F9 (Flyball, 9, EV 93.8 MPH)
Top of the 2nd over - 0 runs, 1 hit, 0 errors, 2 left on base; St. Louis 2 - Vancouver 0
BOTTOM OF THE 2ND
Vancouver Cascades batting - Pitching for St. Louis Cardinals : LHP Charles Shoop
Batting: RHB Nolan Watkins 0-0: Called Strike
0-1: Swinging Strike
0-2: Ball
1-2: Ball
2-2: Ball
3-2: Foul Ball, location: 2F
3-2: Base on Balls
Batting: RHB Francis Moreland 0-0: Ball
1-0: Ball
2-0: Grounds into double play, 6-4-3 (Groundball, 6, EV 103.8 MPH)
Batting: SHB Ian Conley 0-0: Called Strike
0-1: Called Strike
0-2: Ball
1-2: Ball
2-2: Foul Ball, location: 25F
2-2: Foul Ball, location: 5F
2-2: Fly out, F8 (Flyball, 8LXD, EV 93.1 MPH)
Bottom of the 2nd over - 0 runs, 0 hits, 0 errors, 0 left on base; St. Louis 2 - Vancouver 0
TOP OF THE 3RD
St. Louis Cardinals batting - Pitching for Vancouver Cascades : LHP A.J. O'Neill
Batting: RHB Dan Moore 0-0: Called Strike
0-1: Ground out 5-3 (Groundball, 56S, EV 88.1 MPH)
Batting: LHB David Atkinson 0-0: Ball
1-0: Called Strike
1-1: Ball
2-1: Foul Ball, location: 2F
2-2: Ball
3-2: Foul Ball, location: 7LMF
3-2: Fly out, F5 (Popup, 5SF, EV 84.4 MPH)
Batting: LHB Josef Rosendorff 0-0: Ball
1-0: Ball
2-0: Ball
3-0: Called Strike
3-1: SOLO HOME RUN (Flyball, 78XD, EV 113.8 MPH), Distance : 454 ft
Batting: SHB Lucas Cavanaugh 0-0: Called Strike
0-1: Ball
1-1: Ball
2-1: Ground out 6-3 (Groundball, 6, EV 104.4 MPH)
Top of the 3rd over - 1 run, 1 hit, 0 errors, 0 left on base; St. Louis 3 - Vancouver 0
BOTTOM OF THE 3RD
Vancouver Cascades batting - Pitching for St. Louis Cardinals : LHP Charles Shoop
Batting: LHB Huey Chase 0-0: Ball
1-0: Called Strike
1-1: Ball
2-1: Ball
3-1: Swinging Strike
3-2: Foul Ball, location: 2F
3-2: Base on Balls
Batting: LHB Frank Hare 0-0: Ball
1-0: Ball
2-0: Ball
3-0: Base on Balls
Huey Chase to second
Batting: RHB Ken Adams 0-0: Ball
1-0: Called Strike
1-1: Swinging Strike
1-2: Ball
2-2: Reached on error, E6 (Groundball, 6, EV 90.0 MPH)
Huey Chase to third
Frank Hare to second
Batting: LHB Caleb Gim 0-0: Called Strike
0-1: Called Strike
0-2: Ball
1-2: Fly out, F9 (Flyball, 89M, EV 93.8 MPH)
Batting: LHB Rey Esparza 0-0: Ball
1-0: Ball
2-0: Swinging Strike
2-1: Fielders Choice at 2nd, 3-6 (Groundball, 3, EV 86.3 MPH)
Huey Chase scores
Frank Hare to third
Batting: RHB Juan Izquierdo 0-0: Called Strike
0-1: Swinging Strike
0-2: Strikes out swinging
Bottom of the 3rd over - 1 run, 0 hits, 1 error, 2 left on base; St. Louis 3 - Vancouver 1
TOP OF THE 4TH
St. Louis Cardinals batting - Pitching for Vancouver Cascades : LHP A.J. O'Neill
Pitching: LHP Vincent Dion
Batting: RHB Paco Paredes 0-0: Called Strike
0-1: Foul Ball, location: 9LMF
0-2: Fly out, F7 (Flyball, 78D, EV 99.4 MPH)
Batting: RHB Rick Sheley 0-0: Foul Ball, location: 2F
0-1: Ball
1-1: Foul Ball, location: 3DF
1-2: Ground out U3 (Groundball, 13, EV 84.4 MPH)
Batting: SHB Joseph Mitchell 0-0: Foul Ball, location: 9LSF
0-1: Ball
1-1: Ball
2-1: Ground out 6-3 (Groundball, 6, EV 103.8 MPH)
Top of the 4th over - 0 runs, 0 hits, 0 errors, 0 left on base; St. Louis 3 - Vancouver 1
BOTTOM OF THE 4TH
Vancouver Cascades batting - Pitching for St. Louis Cardinals : LHP Charles Shoop
Batting: RHB Nolan Watkins 0-0: Swinging Strike
0-1: Ball
1-1: DOUBLE (Line Drive, 9LS, EV 78.8 MPH)
Batting: RHB Francis Moreland 0-0: Swinging Strike
0-1: Ball
1-1: Swinging Strike
1-2: Ball
2-2: Ball
3-2: Strikes out swinging
Batting: SHB Ian Conley 0-0: Ball
1-0: Foul Ball, location: 23F
1-1: Swinging Strike
1-2: Foul Ball, location: 23F
1-2: Strikes out swinging
Batting: LHB Huey Chase 0-0: Swinging Strike
0-1: Ball
1-1: Ball
2-1: Fly out, F9 (Flyball, 9, EV 91.3 MPH)
Bottom of the 4th over - 0 runs, 1 hit, 0 errors, 1 left on base; St. Louis 3 - Vancouver 1
TOP OF THE 5TH
St. Louis Cardinals batting - Pitching for Vancouver Cascades : LHP Vincent Dion
Pitching: RHP Bernard Ennis
Now at 1B: Echo Warren
Now at 3B: Beau Koss
Batting: RHB Bobby Grimm 0-0: Called Strike
0-1: Foul Ball, location: 2F
0-2: Fly out, F7 (Flyball, 7, EV 82.5 MPH)
Pinch Hitting: LHB Lee Hilton 0-0: Ball
1-0: Ball
2-0: Called Strike
2-1: Foul Ball, location: 9LDF
2-2: DOUBLE (Line Drive, 9LM, EV 90.0 MPH) - OUT at third base trying to stretch hit.
Batting: RHB Dan Moore 0-0: Ball
1-0: Ground out 6-3 (Groundball, 6, EV 107.5 MPH)
Top of the 5th over - 0 runs, 1 hit, 0 errors, 0 left on base; St. Louis 3 - Vancouver 1
BOTTOM OF THE 5TH
Vancouver Cascades batting - Pitching for St. Louis Cardinals : LHP Charles Shoop
Pitching: RHP Ian Gatta
Now at C: Shawn Henry
Now at 1B: Lee Hilton
Now at 2B: Alan Valenzuela
Now at SS: Thomas Hale
Now in LF: Elijah Plott
Now in CF: Cole Thomas
Now in RF: Thomas Barraza
Batting: LHB Frank Hare 0-0: Ball
1-0: Ball
2-0: Ball
3-0: Base on Balls
Batting: RHB Ken Adams 0-0: Called Strike
0-1: Swinging Strike
0-2: Ball
1-2: Foul Ball, location: 9LSF
1-2: Strikes out swinging
Batting: LHB Caleb Gim 0-0: Foul Ball, location: 2F
0-1: Ball
1-1: Ball
2-1: SINGLE (Groundball, 34D, EV 108.1 MPH)
Frank Hare to second
Runner from 2nd tries for 3rd, SAFE, throw by RF made to third
Pinch Hitting: RHB Adam Young 0-0: Ball
Caleb Gim steals 2nd base
1-0: Called Strike
1-1: Foul Ball, location: 3F
1-2: Foul Ball, location: 2F
1-2: Strikes out swinging
Batting: RHB Wes Marques 0-0: Called Strike
0-1: Ball
1-1: Ball
2-1: Called Strike
2-2: Ball
3-2: Ground out 5-3 (Groundball, 56, EV 108.1 MPH)
Bottom of the 5th over - 0 runs, 1 hit, 0 errors, 2 left on base; St. Louis 3 - Vancouver 1
TOP OF THE 6TH
St. Louis Cardinals batting - Pitching for Vancouver Cascades : RHP Bernard Ennis
Pitching: RHP Hayden Nelson
Now at C: Jessie Cochran
Now at 2B: Fulbright Romo
Now at SS: Adam Young
Now in CF: Ron Felver
Pinch Hitting: SHB Mark Crabtree 0-0: Swinging Strike
0-1: Ball
1-1: Swinging Strike
1-2: Ball
2-2: Ball
3-2: Strikes out swinging
Batting: RHB Thomas Barraza 0-0: Ball
1-0: Ball
2-0: Ball
3-0: Fly out, F8 (Flyball, 8LD, EV 88.1 MPH)
Batting: LHB Marcus Jones 0-0: Swinging Strike
0-1: Ball
1-1: Foul Ball, location: 7LMF
1-2: Strikes out swinging
Top of the 6th over - 0 runs, 0 hits, 0 errors, 0 left on base; St. Louis 3 - Vancouver 1
BOTTOM OF THE 6TH
Vancouver Cascades batting - Pitching for St. Louis Cardinals : RHP Ian Gatta
Pitching: RHP J.J. Jones
Now at 3B: Sammy Horgan
Batting: RHB Echo Warren 0-0: Swinging Strike
0-1: Foul Ball, location: 9LMF
0-2: Ball
1-2: Foul Ball, location: 5FF
1-2: Strikes out swinging
Batting: RHB Jessie Cochran 0-0: Fly out, F3 (Line Drive, 3, EV 63.1 MPH)
Batting: RHB Ron Felver 0-0: Foul Ball, location: 2F
0-1: Ground out 6-3 (Groundball, 6M, EV 106.3 MPH)
Bottom of the 6th over - 0 runs, 0 hits, 0 errors, 0 left on base; St. Louis 3 - Vancouver 1
TOP OF THE 7TH
St. Louis Cardinals batting - Pitching for Vancouver Cascades : RHP Hayden Nelson
Pitching: RHP Jerome Logan
Batting: LHB Cole Thomas 0-0: Swinging Strike
0-1: Ball
1-1: Called Strike
1-2: Ball
2-2: Fly out, F7 (Flyball, 7D, EV 110.6 MPH)
Batting: LHB Alan Valenzuela 0-0: Ball
1-0: Fly out, F8 (Flyball, 8RM, EV 91.9 MPH)
Batting: RHB Thomas Hale 0-0: Foul Ball, location: 2F
0-1: Ball
1-1: Swinging Strike
1-2: Foul Ball, location: 2F
1-2: Fly out, F7 (Flyball, 78D, EV 80.0 MPH)
Top of the 7th over - 0 runs, 0 hits, 0 errors, 0 left on base; St. Louis 3 - Vancouver 1
BOTTOM OF THE 7TH
Vancouver Cascades batting - Pitching for St. Louis Cardinals : RHP J.J. Jones
Pitching: RHP Steve Schmunk
Batting: SHB Beau Koss 0-0: Ball
1-0: Ball
2-0: Ball
3-0: Called Strike
3-1: Foul Ball, location: 5SF
3-2: Base on Balls
Pinch Hitting: SHB Asher Wurtz 0-0: Ball
1-0: Ball
2-0: Fly out, F7 (Flyball, 7S, EV 76.3 MPH)
Batting: SHB Fulbright Romo 0-0: Ball
1-0: Called Strike
1-1: Ball
2-1: Grounds into double play, 5-4-3 (Groundball, 56, EV 84.4 MPH)
Bottom of the 7th over - 0 runs, 0 hits, 0 errors, 0 left on base; St. Louis 3 - Vancouver 1
TOP OF THE 8TH
St. Louis Cardinals batting - Pitching for Vancouver Cascades : RHP Jerome Logan
Pitching: RHP Vince Assem
Now in RF: Asher Wurtz
Batting: RHB Shawn Henry 0-0: Called Strike
0-1: Ball
1-1: Ball
2-1: Foul Ball, location: 3F
2-2: Strikes out looking
Batting: LHB Lee Hilton 0-0: Ball
1-0: Called Strike
1-1: SINGLE (Line Drive, 56D, EV 103.8 MPH)
Batting: RHB Elijah Plott 0-0: Called Strike
0-1: Fielders Choice at 2nd, 1-6 (Groundball, 34S, EV 70.0 MPH)
Batting: SHB Sammy Horgan 0-0: Ball
1-0: Foul Ball, location: 23FF
1-1: Ball
2-1: Ball
3-1: Called Strike
3-2: Strikes out looking
Top of the 8th over - 0 runs, 1 hit, 0 errors, 1 left on base; St. Louis 3 - Vancouver 1
BOTTOM OF THE 8TH
Vancouver Cascades batting - Pitching for St. Louis Cardinals : RHP Steve Schmunk
Pitching: RHP Mal Tanner
Pinch Hitting: LHB Lawrence Carla 0-0: SINGLE (Groundball, 34D, EV 103.8 MPH)
Batting: RHB Adam Young 0-0: Ball
1-0: Swinging Strike
1-1: Ball
2-1: Foul Ball, location: 3F
2-2: Strikes out swinging
DELAY Rain delay of 18 minutes in the 8th inning.
Batting: RHB Wes Marques 0-0: Foul Ball, location: 2F
0-1: Called Strike
0-2: Strikes out swinging
Batting: RHB Echo Warren 0-0: Called Strike
0-1: Foul Ball, location: 9LDF
0-2: Ball
1-2: Fly out, F5 (Line Drive, 5L, EV 65.0 MPH)
Bottom of the 8th over - 0 runs, 1 hit, 0 errors, 1 left on base; St. Louis 3 - Vancouver 1
TOP OF THE 9TH
St. Louis Cardinals batting - Pitching for Vancouver Cascades : RHP Vince Assem
Pitching: RHP Tony Young
Now in LF: Lawrence Carla
Pinch Hitting: LHB Lance Vaughan 0-0: Foul Ball, location: 9LSF
0-1: Swinging Strike
0-2: Ball
1-2: Ball
2-2: Ball
3-2: Strikes out looking
Batting: LHB Marcus Jones 0-0: Ball
1-0: Ball
2-0: Swinging Strike
2-1: Swinging Strike
2-2: Ball
3-2: Foul Ball, location: 9LSF
3-2: Ground out 4-3 (Groundball, 4, EV 85.6 MPH)
Batting: LHB Cole Thomas 0-0: SINGLE (Groundball, 13S, EV 75.0 MPH) (infield hit)
Batting: LHB Alan Valenzuela 0-0: Called Strike
0-1: SINGLE (Groundball, 5S, EV 68.1 MPH) (infield hit)
Cole Thomas to second
Batting: RHB Thomas Hale 0-0: Ball
1-0: SINGLE (Line Drive, 56, EV 105.0 MPH)
Cole Thomas to third
Alan Valenzuela to second
Runner from 3rd tries for Home, SAFE, throw by LF to home
Alan Valenzuela to third
Thomas Hale to second
Batting: RHB Shawn Henry 0-0: Ball
1-0: SINGLE (Groundball, 3D, EV 95.0 MPH)
Alan Valenzuela scores
Thomas Hale to third
Runner from 3rd tries for Home, SAFE, throw by RF to home
Pitching: RHP Xavier Miller
Pinch Hitting: LHB Denver Tiedemann 0-0: Fly out, F7 (Flyball, 7LMF, EV 100.0 MPH)
Top of the 9th over - 3 runs, 4 hits, 0 errors, 1 left on base; St. Louis 6 - Vancouver 1
BOTTOM OF THE 9TH
Vancouver Cascades batting - Pitching for St. Louis Cardinals : RHP Mal Tanner
Pitching: RHP Kent Bunch
Now at 1B: Lance Vaughan
Now in RF: Brett Grant
Batting: RHB Jessie Cochran 0-0: Ball
1-0: Swinging Strike
1-1: Ball
2-1: Foul Ball, location: 2F
2-2: Ball
3-2: Base on Balls
Pinch Hitting: LHB Tony Wichmann 0-0: Foul Ball, location: 3F
0-1: Ball
1-1: Ball
2-1: Foul Ball, location: 23F
2-2: Foul Ball, location: 7LMF
2-2: Ball
3-2: Base on Balls
Jessie Cochran to second
Batting: SHB Beau Koss 0-0: Ball
1-0: Ball
2-0: Ball
3-0: SINGLE (Line Drive, 8LS, EV 96.3 MPH)
Jessie Cochran to third
Tony Wichmann to second
Batting: SHB Asher Wurtz 0-0: Called Strike
0-1: Ball
1-1: Ball
2-1: Ball
3-1: Called Strike
3-2: Foul Ball, location: 2F
3-2: Fly out, F8 (Flyball, 8RD, EV 87.5 MPH)
Runner from 3rd tags up, SCORES, no throw by CF
Batting: SHB Fulbright Romo 0-0: Ball
1-0: Called Strike
1-1: Ball
2-1: Swinging Strike
2-2: Fly out, F8 (Flyball, 8LS, EV 90.6 MPH)
Batting: LHB Lawrence Carla 0-0: Called Strike
0-1: Ground out U3 (Groundball, 3, EV 83.8 MPH)
Bottom of the 9th over - 1 run, 1 hit, 0 errors, 2 left on base; St. Louis 6 - Vancouver 2
Saturday, April 13th , 2024 - OOTP Baseball 24.11 Build 85